AoeStats
← Olive Oil

Oasis

507988522Analyzed
3v3 RM · 13d ago on Sep 20, 2026· 23m 9s· 6 players
Game mode
Random Map
Map size
Normal (6 player)
Population
200
Speed
Normal
Resources
Standard
Victory
Conquest
Starting age
Dark Age
Ending age
Imperial Age
RankedLock teamsTeams togetherTeam positionsShared explorationLock speedFull tech treeHidden civsTurbo modeCheats
Victory
Defeat
🇹🇷 Magyars · Türkiye
875
+12
🇹🇷 Huns · Türkiye
765
+16
🇹🇷 Byzantines · Türkiye
750
+18
🇻🇳 Chinese · Vietnam
809
-42
🇨🇳 Byzantines · China
766
-15
🇫🇷 Burgundians · France
729
-13
fournier.emmy
0:39 Loom
9:31 Feudal Age
8:48 Double-Bit Axe
do.minhdes
SoC
7:02 Loom
10:14 Feudal Age
10:44 Double-Bit Axe
11:25 Horse Collar
Verdigrisis
11:49 Feudal Age
10:06 Loom
17:16 Double-Bit Axe
19:52 Wheelbarrow
20:03 Forging
21:45 Padded Archer Armor
21:36 Fletching
22:40 Scale Mail Armor
Olive Oil
7:35 Loom
11:08 Feudal Age
14:32 Scale Barding Armor
19:06 Bloodlines
23:58 Castle Age
21:53 Double-Bit Axe
21:55 Horse Collar
24:22 Wheelbarrow
Timur
12:48 Feudal Age
13:17 Horse Collar
13:48 Double-Bit Axe
17:13 Wheelbarrow
22:08 Castle Age
Connection lost

Rejoining the realm…

Still unreachable

The connection could not be restored.

Session expired

The server has moved on; the page needs a fresh start.